 Dungeon Crawl Stone Soup version 0.31-a0-841-g038b102fc3 (webtiles) character file.

Game seed: 2335184614934682210

5994 Kurtz the Cleaver (level 10, -18/71 HPs)
             Began as an Octopode Fighter on Sept 27, 2023.
             Was an Elder of Okawaru.
             Killed from afar by an orc sorcerer (31 damage)
             ... with a bolt of fire
             ... in a bailey.
             The game lasted 00:12:51 (8002 turns).

Kurtz the Cleaver (Octopode Fighter)                Turns: 8002, Time: 00:12:52

Health: -18/71     AC:  5    Str: 16    XL:     10   Next: 85%
Magic:  12/13      EV: 17    Int: 11    God:    Okawaru [****..]
Gold:   480        SH: 15    Dex: 21    Spells: 9/9 levels left

rFire   . . .        s - +3 hand axe
rCold   . . .        C - +2 kite shield
rNeg    . . .        (helmet restricted)
rPois   .            (no amulet)
rElec   .            i - +4 ring of protection
rCorr   .            p - ring of Dytud {Dex+6 Stlth+}
SInv    .            (no ring)
Will    .....        (no ring)
Stlth   ++++++       (no ring)
HPRegen 0.31/turn    (no ring)
MPRegen 0.13/turn    (no ring)
                     (no ring)

%: no passive effects
@: mighty, heroic
A: almost no armour, amphibious, 8 rings, camouflage 1, gelatinous body 1,
(nimble swimmer 1), tentacles
a: Renounce Religion, Heroism, Finesse


You were in a bailey.
You worshipped Okawaru.
Okawaru was greatly pleased with you.
You visited 2 branches of the dungeon, and saw 11 of its levels.
You also visited: Bailey.

You collected 480 gold pieces.

Inventory:

Hand Weapons
 a - a +0 war axe
 e - a +0 broad axe
 s - a +3 hand axe (weapon)
 I - a +1 flail of holy wrath
Missiles
 x - 6 boomerangs (quivered)
 H - 5 javelins
 J - a poisoned dart
Armour
 C - a +2 kite shield (worn)
Jewellery
 i - a +4 ring of protection (left tentacle)
 p - the ring of Dytud (right tentacle) {Dex+6 Stlth+}
   (You acquired it in a bailey)

   [ring of dexterity]

   Dex+6:     It affects your dexterity (+6).
   Stlth+:    It makes you more stealthy.
 B - an amulet of magic regeneration
Scrolls
 c - 3 scrolls of blinking
 d - 3 scrolls of teleportation
 g - a scroll of torment
 h - 2 scrolls of poison
 k - a scroll of enchant armour
 m - a scroll of silence
 n - 2 scrolls of fog
 q - a scroll of amnesia
 u - a scroll of immolation
 y - a scroll of noise
Potions
 b - a potion of invisibility {unknown}
 f - 3 potions of curing {unknown}
 j - 2 potions of attraction {unknown}
 l - 2 potions of brilliance {unknown}
 o - 3 potions of heal wounds {unknown}
 r - a potion of mutation {unknown}
 v - 2 potions of lignification {unknown}
 z - a potion of magic {unknown}
 A - a potion of enlightenment {unknown}
 D - a potion of berserk rage {unknown}
 F - 3 potions of degeneration {unknown}
 G - a potion of haste {unknown}


   Skills:
 * Level 7.1(12.1) Fighting
 * Level 13.1(18.1) Axes
 - Level 3.0(8.0) Dodging
 + Level 2.1(7.1) Stealth
 * Level 5.6(10.6) Shields
 * Level 4.3 Invocations


You had 9 spell levels left.
You didn't know any spells.
Your spell library contained the following spells:

 Spells                   Type           Power      Damage    Failure   Level
 Lesser Beckoning         Tloc           0%         N/A       73%         2
 Gell's Gravitas          Tloc           0%         N/A       91%         3
 Teleport Other           Tloc           0%         N/A       91%         3
 Anguish                  Hex/Necr       0%         N/A       100%        4
 Cause Fear               Hex            0%         N/A       100%        4
 Vhi's Electric Charge    Tloc/Air       0%         N/A       100%        4
 Arcjolt                  Conj/Air       0%         1d10      100%        5
 Enfeeble                 Hex            0%         N/A       100%        7
 Maxwell's Capacitive Co  Air            0%         ∞         100%        8


Dungeon Overview and Level Annotations

Branches:
Dungeon (10/15)            Temple (1/1) D:6          Bailey (1/1)
   Lair: D:8-11         Orc: D:9-12

Altars:
Ashenzari
Cheibriados
Dithmenos
Elyvilon
Fedhas
Gozag
Hepliaklqana
Kikubaaqudgha
Makhleb
Nemelex Xobeh
Okawaru
Qazlal
Ru
Sif Muna
Trog
Uskayaw
Vehumet
Wu Jian
Xom
Yredelemnul
Zin
The Shining One

Shops:
D:2 (   D:5 (   D:6 [

Annotations:
D:3 exclusion: downstairs
D:9 Harold


Innate Abilities, Weirdness & Mutations

You cannot wear most types of armour.
You are amphibious.
You can wear up to eight rings at the same time.
Your skin changes colour to match your surroundings (Stealth+).
Your rubbery body absorbs attacks. (AC +1, EV +1)
((You are camouflaged when in or above water. (Stealth+)))
You have tentacles for arms and can constrict up to eight enemies at once.


Message History

A goblin comes into view. It is wielding a +0 hand axe.
You enter the shallow water.
You gain the combat prowess of a mighty hero.
Okay, then.
You feel very mighty all of a sudden. You block the goblin's attack.
You hit the goblin. You grab the goblin. You squeeze the goblin.
You kill the goblin!
Okawaru accepts your kill.
You closely miss the orc high priest. Your grab misses the orc high priest.
You slash the orc high priest! You grab the orc high priest.
The orc high priest is moderately wounded.
You constrict the orc high priest.
The orc high priest completely misses you.
You slash the orc high priest!
The orc high priest is heavily wounded.
You constrict the orc high priest. You block the orc high priest's attack.
You hit the orc high priest. You squeeze the orc high priest!
The orc high priest is almost dead.
You constrict the orc high priest, but do no damage.
The orc high priest hits you with a +3 war axe!
The orc sorcerer gestures wildly while chanting.
You slash the orc high priest!
You kill the orc high priest!
Okawaru is honoured by your kill.
You can now speed up your combat.
Your base Fighting skill increases to level 7!
Your base Axes skill increases to level 13!
Your base Stealth skill increases to level 2!
Unknown command.
The sun demon hits you.
You are engulfed in flames!
You block the orc sorcerer's attack. The sun demon hits you!
You are engulfed in flames!
* * * LOW HITPOINT WARNING * * *
Items here: )) [[ ††.
You slash the orc sorcerer! Your grab misses the orc sorcerer.
The orc sorcerer is moderately wounded.
You slash the sun demon!
The orc sorcerer points at you and mumbles some strange words.
The bolt of fire hits you!!
You die...

8)8.8.')....#....#≈≈≈≈≈#
..##############.#≈≈≈≈≈#
..# +[[#.)≈≈≈≈≈# ..#.
#[[#.[≈≈≈≈≈# ###..
#..#.~≈≈≈≈≈# .##...
#########.~≈≈≈≈≈#
.##o...#..8.8..#.~≈≈≈≈≈#
.##.._.'.......o∩3≈≈≈≈≈#
.##o...#..8.8..#@~≈≈≈≈≈#
.##... #########.~≈≈≈≈≈#
###.. #..#.~≈≈≈≈≈# ..#.
#..#.~≈≈≈≈≈# ..#
#.'..#.)≈≈≈≈≈#
..##############.#≈≈≈≈≈#
8.8.8.'.....#..).#≈≈≈≈≈#
......#.....'....#≈≈≈≈≈#
#############..#'#≈≈≈≈≈#


You could see a sun demon (summoned) and an orc sorcerer.

Vanquished Creatures
  A two-headed ogre (D:8)
  An orc high priest (Bailey)
  An orc knight (Bailey)
  Grinder (D:6)
  4 yaks (D:8)
  2 steam dragons (D:8)
  7 orc warriors (Bailey)
  An ice beast (D:8)
  A sky beast (D:7)
  A black bear (D:8)
  5 ogres
  2 centaurs (D:8)
  4 phantoms
  2 kobold brigands
  A bullfrog (D:6)
  A gnoll sergeant (D:7)
  4 scorpions
  4 killer bees (D:8)
  5 electric eels (Bailey)
  2 jellies
  3 orc priests
  3 hounds
  2 gnoll boudas (D:7)
  2 iguanas
  An orc wizard (D:7)
  19 gnolls
  8 adders
  A white imp (D:6)
  An ufetubus (D:5)
  2 worms
  2 dart slugs
  9 orcs
  7 ball pythons
  2 endoplasms
  4 giant cockroaches
  8 hobgoblins
  6 jackals (D:1)
  5 quokkas
  5 bats
  3 frilled lizards
  21 goblins
  15 kobolds
  2 rats
181 creatures vanquished.

Vanquished Creatures (others)
  A hobgoblin (Bailey)
1 creature vanquished.

Grand Total: 182 creatures vanquished

Notes
Turn   | Place    | Note
-------+----------+-------------------------------------------
     0 | D:1      | Kurtz the Octopode Fighter began the quest for the Orb.
     0 | D:1      | Reached XP level 1. HP: 16/16 MP: 1/1
   250 | D:1      | Reached XP level 2. HP: 13/21 MP: 2/2
   632 | D:1      | Found a faded altar of an unknown god.
   721 | D:1      | Reached skill level 3 in Axes
  1000 | D:1      | Reached XP level 3. HP: 26/26 MP: 3/3
  1057 | D:2      | Found Paciep's Antique Weapon Shoppe.
  1402 | D:2      | Reached skill level 4 in Axes
  1429 | D:2      | Reached XP level 4. HP: 31/31 MP: 4/4
  1881 | D:3      | Reached skill level 5 in Axes
  1881 | D:3      | Reached XP level 5. HP: 13/36 MP: 5/5
  2268 | D:4      | Noticed a phantom
  2312 | D:4      | Killed a phantom
  2407 | D:4      | Reached skill level 6 in Axes
  2407 | D:4      | Reached XP level 6. HP: 24/42 MP: 6/6
  2543 | D:4      | Found a white marble altar of Elyvilon.
  2778 | D:4      | Reached skill level 7 in Axes
  2778 | D:4      | Reached XP level 7. HP: 46/46 MP: 7/7
  3045 | D:5      | Entered Level 5 of the Dungeon
  3058 | D:5      | Reached skill level 8 in Axes
  3415 | D:5      | Found Enwetik's Weapon Boutique.
  3809 | D:5      | Reached XP level 8. HP: 38/54 MP: 8/8
  3885 | D:6      | Reached skill level 9 in Axes
  4074 | D:6      | Found a staircase to the Ecumenical Temple.
  4084 | D:6      | Noticed Grinder
  4091 | Temple   | Entered the Ecumenical Temple
  4110 | Temple   | Became a worshipper of Warmaster Okawaru
  4138 | D:6      | Found Momal's Armour Shoppe.
  4150 | D:6      | Killed Grinder
  4207 | D:6      | Reached skill level 1 in Invocations
  4284 | D:6      | Reached skill level 10 in Axes
  4942 | D:7      | Reached * piety under Okawaru
  4966 | D:7      | Reached XP level 9. HP: 58/59 MP: 10/10
  5077 | D:7      | Found a glowing golden altar of the Shining One.
  5134 | D:7      | Found a hide-covered altar of Uskayaw.
  5376 | D:7      | Reached skill level 5 in Fighting
  5452 | D:7      | Reached skill level 11 in Axes
  5737 | D:8      | Found a hazy altar of Hepliaklqana.
  5738 | D:8      | Found an opulent altar of Gozag.
  5747 | D:8      | Found an ancient bone altar of Kikubaaqudgha.
  5751 | D:8      | Found a sacrificial altar of Ru.
  5783 | D:8      | Reached ** piety under Okawaru
  6269 | D:8      | Reached XP level 10. HP: 54/68 MP: 12/12
  6358 | D:8      | Reached skill level 12 in Axes
  6403 | D:8      | Noticed a two-headed ogre
  6416 | D:8      | Killed a two-headed ogre
  6416 | D:8      | Reached *** piety under Okawaru
  6545 | D:8      | Found a shimmering altar of Xom.
  6654 | D:8      | Identified the +0 scale mail "Wuyn" {rPois Regen+ Int+2}
  6907 | D:9      | Noticed Harold
  7035 | D:10     | Entered Level 10 of the Dungeon
  7164 | D:10     | Found a flagged portal.
  7170 | Bailey   | Entered a bailey
  7210 | Bailey   | Reached skill level 5 in Shields
  7214 | Bailey   | Reached skill level 1 in Stealth
  7263 | Bailey   | Noticed an orc knight
  7333 | Bailey   | Killed an orc knight
  7403 | Bailey   | Found an iron altar of Okawaru.
  7403 | Bailey   | Noticed an orc sorcerer
  7403 | Bailey   | Noticed an orc high priest
  7446 | Bailey   | Reached **** piety under Okawaru
  7495 | Bailey   | Acquired the ring of Dytud {Dex+6 Stlth+}
  8000 | Bailey   | Noticed a sun demon
  8000 | Bailey   | Killed an orc high priest
  8001 | Bailey   | Reached skill level 13 in Axes
  8002 | Bailey   | Killed from afar by an orc sorcerer

Illustrated notes

Levels and vault maps discovered:
D:1:      ldierk_walled_garden, layout_loops_ring,
          shapermc_ecumenical_altar_ellora
D:2:      layout_basic, serial_shops, shop
D:3:      layout_basic
D:4:      layout_loops_cross, nicolae_elyvilon_peaceful_grove
D:5:      layout_basic, serial_shops, nicolae_diamond_shop,
          nicolae_fountain_basement
D:6:      layout_gridville, minmay_temple_entry_enclosed_plants, serial_shops,
          kennysheep_mini, uniq_grinder
D:7:      layout_basic, eat_drink_and_be_merry_uskayaw, kennysheep_mini_moat
D:8:      layout_basic, nicolae_overflow_macrodata_refinement,
          mainiacjoe_overflow_alcove_2
D:9:      minmay_slanted_spiral_squares, layout_loops_ring, uniq_harold,
          uniq_maggie
D:10:     layout_roguey, enter_bailey_3, skrybe_limestone_x
Temple:   nicolae_temple_bog_church
Bailey:   bailey_axe_of_yendor_kennysheep, bailey

Skill      XL: |  1  2  3  4  5  6  7  8  9 10 |
---------------+-------------------------------+-----
Axes           | 3 4 5 6 7 8 10 11 13 | 13.1
Fighting       | 4 6 7 |  7.1
Invocations    | 1 3 4 |  4.3
Shields        | 4 5 |  5.6
Stealth        | 2 |  2.1
Dodging        | |  3.0

Action                     |  1- 3 |  4- 6 |  7- 9 | 10-12 || total
---------------------------+-------+-------+-------+-------++-------
  Melee: War axe           |    70 |    84 |   192 |    90 ||   436
         Tentacles         |    20 |    14 |    54 |    29 ||   117
         Constrict         |    17 |    15 |    32 |    25 ||    89
         Punch             |       |     1 |     2 |     1 ||     4
         Hand axe          |       |       |       |     7 ||     7
  Throw: Dart              |       |       |    15 |     3 ||    18
         Boomerang         |       |       |     3 |    16 ||    19
         Javelin           |       |       |       |     8 ||     8
 Invoke: Heroism           |       |       |     1 |     4 ||     5
  Evoke: Wand              |       |       |    17 |     4 ||    21
    Use: Potion            |       |     1 |       |     1 ||     2
         Scroll            |       |       |       |    12 ||    12
   Stab: Sleeping          |     9 |     3 |     5 |     2 ||    19
 Armour: Skin              |    24 |    37 |    92 |    26 ||   179
  Dodge: Dodged            |    45 |    42 |    65 |    18 ||   170
  Block: Buckler           |    10 |    17 |    10 |       ||    37
         Kite shield       |       |       |    52 |    35 ||    87

Table legend: (Time is in decaauts)
 A = Elapsed time spent in this place.
 B = Non-inter-level travel time spent in this place.
 C = Inter-level travel time spent in this place.
 D = Time resting spent in this place.
 E = Time spent auto-exploring this place.
 F = Levels seen in this place.
 G = Mean time per level.
                   A        B        C        D        E       F      G
               +--------+--------+--------+--------+--------+-----+--------+
         Total |   8085 |   7477 |    608 |   1545 |   4345 |  12 |  673.8 |
       Dungeon |   7208 |   6637 |    571 |   1306 |   4146 |  10 |  720.8 |
        Temple |     38 |      1 |     37 |      0 |      0 |   1 |   38.0 |
        Bailey |    837 |    837 |      0 |    239 |    199 |   1 |  837.0 |
               +--------+--------+--------+--------+--------+-----+--------+

Top non-repeatable levels by time:
     D:8: 1284 daAuts
     D:1: 1067 daAuts
     D:7: 948 daAuts
     D:5: 908 daAuts
  Bailey: 837 daAuts
     D:3: 826 daAuts
     D:4: 795 daAuts
     D:6: 644 daAuts
     D:2: 495 daAuts
     D:9: 204 daAuts
  Temple: 38 daAuts
    D:10: 33 daAuts
